 Dungeon Sprint DCSS version 0.27-a0-1273-gec92ba881d (webtiles) character file.

Game seed: 16509905814165229848

6267 mhtbhm the Carver (level 10, -12/133 HPs)
             Began as a Demonspawn Berserker on June 11, 2021.
             Was a High Priest of Trog.
             Mangled by a spriggan defender
             ... wielding a +2 vorpal flail
              (33 damage)
             ... in the Dungeon (Sprint IV: "Fedhas' Mad Dash").
             The game lasted 00:03:55 (3745 turns).

mhtbhm the Carver (Demonspawn Berserker)            Turns: 3745, Time: 00:03:55

Health: -12/133    AC:  3    Str: 20    XL:     10   Next: 62%
Magic:  10/10      EV: 16    Int: 13    God:    Trog [*****.]
Gold:   145        SH:  0    Dex: 13    Spells: 9/9 levels left

rFire    . . .     SeeInvis .   a - +5 dagger "Rimicupt" {freeze, rPois rN+ rCorr Int+4}
rCold    . . .     Faith    .   (no shield)
rNeg     + . .     Spirit   .   b - +0 leather armour
rPois    +         Reflect  .   (no helmet)
rElec    .         Harm     .   (no cloak)
rCorr    +         Rampage  .   (no gloves)
Will     .....     NoTele   +   (no boots)
Stlth    ..........             i - amulet of invisibility {+Inv}
HPRegen  0.32/turn              (no ring)
MPRegen  0.12/turn              (no ring)

@: berserking, very quick
A: claws 1, repulsion field 1, demonic guardian 2, demonic magic 1
a: Renounce Religion, Evoke Invisibility, Berserk, Trog's Hand, Brothers in Arms


You were in the Dungeon.
You worshipped Trog.
Trog was extremely pleased with you.
You visited 1 branch You collected 189 gold pieces.
You spent 44 gold pieces at shops.

Inventory:

Hand Weapons
 a - the +5 dagger "Rimicupt" (weapon) {freeze, rPois rN+ rCorr Int+4}
   (You found it in the Dungeon)

   It has been specially enchanted to freeze those struck by it, causing extra
   injury to most foes and up to half again as much damage against particularly
   susceptible opponents.
   It can also slow down cold-blooded creatures.
   It affects your intelligence (+4).
   It protects you from poison.
   It protects you from negative energy.
   It protects you from acid and corrosion.
Armour
 b - a +0 leather armour (worn)
Jewellery
 i - the amulet of invisibility (around neck) {+Inv}
   (You found it in the Dungeon)

   [amulet of nothing]

   It lets you turn invisible.
Wands
 j - a wand of flame (12)
Scrolls
 d - a scroll of enchant armour
 h - a scroll of blinking
 k - a scroll of identify
Potions
 c - a potion of invisibility
 e - a potion of haste
 f - 2 potions of magic
 g - a potion of berserk rage


   Skills:
 + Level 11.8 Fighting
 + Level 8.0(11.2) Short Blades
 + Level 12.3(13.1) Long Blades
 + Level 7.1 Armour
 + Level 6.4 Dodging
 + Level 10.7 Stealth
 + Level 8.4 Evocations


You had 9 spell levels left.
You didn't know any spells.
Your spell library was empty.

Dungeon Overview and Level Annotations

Branches:
Dungeon (1/1)

Altars:
Cheibriados
Dithmenos
Elyvilon
Gozag
Hepliaklqana
Kikubaaqudgha
Makhleb
Nemelex Xobeh
Okawaru
Qazlal
Ru
Sif Muna
Trog
Uskayaw
Vehumet
Wu Jian
Xom
Yredelemnul
Zin
The Shining One
Beogh
Jiyva
Lugonu

Shops:
D *![:[???


Innate Abilities, Weirdness & Mutations

You have sharp fingernails.
You are surrounded by a mild repulsion field. (EV +2)
A demonic guardian rushes to your aid.
Spells you cast may paralyse adjacent enemies.


Message History

The spriggan defender blocks your attack.
The spriggan defender hits you with a +2 vorpal flail!!
You completely miss the spriggan defender.
The spriggan defender blocks your attack.
The spriggan defender blocks your cyclops's attack.
The spriggan defender hits you with a +2 vorpal flail!
You closely miss the spriggan defender. You miss the spriggan defender.
The spriggan defender barely misses you.
You puncture the spriggan defender! You freeze the spriggan defender.
The spriggan defender is moderately wounded.
Your cyclops hits the spriggan defender!!
You miss the spriggan defender.
The spriggan defender is heavily wounded.
The spriggan defender hits you with a +2 vorpal flail!!
The spriggan defender blocks your attack.
The spriggan defender is heavily wounded.
The spriggan defender misses you.
The spriggan defender blocks your attack.
The spriggan defender is heavily wounded.
The spriggan defender blocks your cyclops's attack.
You puncture the spriggan defender! You freeze the spriggan defender.
The spriggan defender is severely wounded.
The spriggan defender hits you with a +2 vorpal flail!!
* * * LOW HITPOINT WARNING * * *
A demonic guardian appears!
* * * LOW HITPOINT WARNING * * *
You hit the spriggan defender. You freeze the spriggan defender.
The spriggan defender is severely wounded.
Your cyclops closely misses the spriggan defender.
You miss the spriggan defender.
The spriggan defender is severely wounded.
The spriggan defender barely misses you.
You hit the spriggan defender. You freeze the spriggan defender.
The spriggan defender is severely wounded.
Unknown command.
The spriggan defender blocks your attack.
The spriggan defender is severely wounded.
The spriggan defender hits you with a +2 vorpal flail!!
You die...

###############....)(###.....♣.#
♣♣..♣.###.'..'......)'.))..♣..∩#
..♣.)♣##:.#..#.P...).###########
♣♣.♣..###.##'##.P....#
)♣...♣'...#♣)♣########
###########)....####
#..♣..♣....###
#...♣.....C♣...♣##
.......♣...4@i.∩...=
####################


You could see a spriggan defender (ally target), a friendly cyclops (summoned,
berserk) and a friendly rust devil (summoned).

Vanquished Creatures
  A spriggan berserker (D)
  A spriggan druid (D)
  6 oklob plants (D)
  A demonic crawler (D)
  A queen bee (D)
  2 burning bushes (D)
  3 wandering mushrooms (D)
  3 scorpions (D)
  4 killer bees (D)
  5 oklob saplings (D)
  5 spriggans (D)
  A river rat (D)
  A rat (D)
  A ballistomycete spore (D)
35 creatures vanquished.

Vanquished Creatures (collateral kills)
  Agnes (D)
  A burning bush (D)
  A hornet (D)
3 creatures vanquished.

Grand Total: 38 creatures vanquished

Notes
Turn   | Place    | Note
-------+----------+-------------------------------------------
     0 | D        | mhtbhm the Demonspawn Berserker began the quest for the
                  | Orb.
     0 | D        | Reached XP level 1. HP: 18/18 MP: 1/1
    14 | D        | Reached skill level 3 in Long Blades
    14 | D        | Gained mutation: Spells you cast may paralyse adjacent
                  | enemies. [demonic ancestry]
    14 | D        | Reached XP level 2. HP: 25/25 MP: 2/2
    57 | D        | Noticed an oklob sapling
    62 | D        | Killed an oklob sapling
    62 | D        | Reached ** piety under Trog
    63 | D        | Reached skill level 4 in Long Blades
    63 | D        | Reached XP level 3. HP: 22/32 MP: 3/3
   323 | D        | Noticed a scorpion
   324 | D        | Found the amulet of invisibility {+Inv}
   325 | D        | Killed a scorpion
   326 | D        | Reached skill level 5 in Long Blades
   326 | D        | Gained mutation: A weak demonic guardian rushes to your
                  | aid. [demonic ancestry]
   326 | D        | Reached XP level 4. HP: 40/40 MP: 4/4
   381 | D        | Found an opulent altar of Gozag.
   381 | D        | Found a hazy altar of Hepliaklqana.
   381 | D        | Found a burning altar of Makhleb.
   381 | D        | Found a sparkling altar of Nemelex Xobeh.
   381 | D        | Found a snail-covered altar of Cheibriados.
   381 | D        | Found a sacrificial altar of Ru.
   381 | D        | Found a shimmering blue altar of Sif Muna.
   381 | D        | Found a shimmering altar of Xom.
   381 | D        | Found a basalt altar of Yredelemnul.
   382 | D        | Found a viscous altar of Jiyva.
   382 | D        | Found a bloodstained altar of Trog.
   382 | D        | Found an ornate altar of the Wu Jian Council.
   383 | D        | Found an iron altar of Okawaru.
   383 | D        | Found a shadowy altar of Dithmenos.
   384 | D        | Found an ancient bone altar of Kikubaaqudgha.
   384 | D        | Found a hide-covered altar of Uskayaw.
   385 | D        | Found a stormy altar of Qazlal.
   386 | D        | Found a corrupted altar of Lugonu.
   386 | D        | Found a radiant altar of Vehumet.
   394 | D        | Reached skill level 6 in Long Blades
   394 | D        | Reached XP level 5. HP: 43/47 MP: 3/5
   709 | D        | Reached *** piety under Trog
   710 | D        | Reached skill level 7 in Long Blades
  1013 | D        | Reached skill level 1 in Evocations
  1017 | D        | Reached skill level 8 in Long Blades
  1021 | D        | Reached XP level 6. HP: 48/56 MP: 6/6
  1143 | D        | Found Jaur Foc's Distillery.
  1143 | D        | Found Ocaatrah's Assorted Antiques.
  1157 | D        | Noticed a burning bush
  1157 | D        | Noticed a wandering mushroom
  1158 | D        | Noticed a wandering mushroom
  1165 | D        | Reached skill level 1 in Stealth
  1170 | D        | Killed a wandering mushroom
  1170 | D        | Reached **** piety under Trog
  1171 | D        | Reached skill level 9 in Long Blades
  1568 | D        | Killed a wandering mushroom
  1569 | D        | Reached skill level 10 in Long Blades
  1569 | D        | Reached skill level 5 in Armour
  1569 | D        | Gained mutation: You are surrounded by a mild repulsion
                  | field. (EV +2) [demonic ancestry]
  1569 | D        | Reached XP level 7. HP: 64/64 MP: 7/7
  1577 | D        | Killed a burning bush
  1579 | D        | Found Ganuboxo's Magic Scroll Emporium.
  1579 | D        | Found Mifus's Antique Armour Shoppe.
  1583 | D        | Identified the +5 dagger "Rimicupt" {freeze, rPois rN+
                  | rCorr Int+4}
  1890 | D        | Noticed a queen bee
  1914 | D        | Killed a queen bee
  1914 | D        | Reached ***** piety under Trog
  1915 | D        | Reached skill level 1 in Short Blades
  1915 | D        | Reached skill level 11 in Long Blades
  1915 | D        | Reached skill level 5 in Stealth
  1915 | D        | Reached XP level 8. HP: 42/72 MP: 6/8
  2230 | D        | Noticed an oklob plant
  2239 | D        | Killed an oklob plant
  2240 | D        | Reached skill level 10 in Fighting
  2451 | D        | Noticed a burning bush
  2454 | D        | Killed a burning bush
  2474 | D        | Noticed a burning bush
  2474 | D        | Noticed an oklob plant
  2475 | D        | Noticed a wandering mushroom
  2482 | D        | Killed a burning bush
  2483 | D        | Reached skill level 5 in Evocations
  2483 | D        | Gained mutation: You have sharp fingernails. [demonic
                  | ancestry]
  2483 | D        | Reached XP level 9. HP: 79/79 MP: 6/9
  2637 | D        | Killed an oklob plant
  2638 | D        | Reached skill level 12 in Long Blades
  2638 | D        | Reached skill level 5 in Dodging
  2751 | D        | Noticed a spriggan druid
  2759 | D        | Killed a spriggan druid
  2760 | D        | Reached skill level 5 in Short Blades
  2931 | D        | Noticed an oklob plant conjurer
  2938 | D        | Killed an oklob plant conjurer
  3196 | D        | Noticed an oklob plant
  3196 | D        | Noticed an oklob plant summoner
  3197 | D        | Noticed an oklob plant shifter
  3201 | D        | Killed an oklob plant
  3204 | D        | Killed an oklob plant summoner
  3204 | D        | Reached ****** piety under Trog
  3205 | D        | Gained mutation: A demonic guardian rushes to your aid.
                  | [demonic ancestry]
  3205 | D        | Reached XP level 10. HP: 88/88 MP: 8/10
  3206 | D        | Killed an oklob plant shifter
  3206 | D        | Received a gift from Trog
  3217 | D        | Noticed a spriggan rider
  3218 | D        | Found Gyop's Magic Scroll Emporium.
  3245 | D        | Reached skill level 10 in Stealth
  3458 | D        | Found Lirchit's Magic Scroll Shoppe.
  3469 | D        | Identified the +10 trident of the King {protect, SInv}
  3481 | D        | Bought a scroll of identify for 22 gold pieces
  3481 | D        | Bought a scroll of identify for 22 gold pieces
  3506 | D        | Noticed Agnes
  3512 | D        | Killed Agnes
  3513 | D        | Noticed a spriggan berserker
  3514 | D        | Found Opufoitu's Antique Armour Emporium.
  3519 | D        | Killed a spriggan berserker
  3722 | D        | Found Atiumov's Book Shoppe.
  3726 | D        | Noticed a spriggan defender
  3745 | D        | Mangled by a spriggan defender

Illustrated notes

Levels and vault maps discovered:
D:        dungeon_sprint_fedhas [sprint_temple]

Skill      XL: |  1  2  3  4  5  6  7  8  9 10 |
---------------+-------------------------------+-----
Long Blades    | 3 4 5 6 8 10 11 12 | 12.3
Armour         | 2 3 5 6 7 |  7.1
Dodging        | 2 3 4 5 6 |  6.4
Fighting       | 4 6 8 9 10 11 | 11.8
Evocations     | 1 2 3 5 7 8 |  8.4
Stealth        | 3 5 6 9 10 | 10.7
Short Blades   | 1 3 6 8 |  8.0

Action                   |  1- 3 |  4- 6 |  7- 9 | 10-12 || total
-------------------------+-------+-------+-------+-------++-------
Melee: Falchion          |    11 |    34 |     5 |       ||    50
       Dagger            |       |       |    67 |    38 ||   105
Invok: Berserk           |     3 |     5 |     7 |     3 ||    18
       Brothers in Arms  |       |       |     1 |     2 ||     3
       Trog's Hand       |       |       |     1 |       ||     1
 Abil: Evoke Invisibilit |       |     2 |     4 |       ||     6
Evoke: Wand              |       |       |     1 |       ||     1
  Use: Potion            |       |       |     2 |       ||     2
       Scroll            |       |       |       |     2 ||     2
 Stab: Invisible         |       |     3 |     4 |       ||     7
       Sleeping          |       |       |     4 |     2 ||     6
Armor: Animal skin       |     2 |       |       |       ||     2
       Leather armour    |       |     3 |     4 |       ||     7
Dodge: Dodged            |     6 |    10 |    50 |    10 ||    76
       Rpst.: Falchion   |     3 |     2 |       |       ||     5

Table legend: (Time is in decaauts)
 A = Elapsed time spent in this place.
 B = Non-inter-level travel time spent in this place.
 C = Inter-level travel time spent in this place.
 D = Time resting spent in this place.
 E = Time spent auto-exploring this place.
 F = Levels seen in this place.
 G = Mean time per level.
                   A        B        C        D        E       F      G
               +--------+--------+--------+--------+--------+-----+--------+
         Total |   3861 |   3861 |      0 |   3308 |      3 |   1 | 3861.0 |
       Dungeon |   3861 |   3861 |      0 |   3308 |      3 |   1 | 3861.0 |
               +--------+--------+--------+--------+--------+-----+--------+

Top non-repeatable levels by time:
       D: 3861 daAuts
